 Dungeon Crawl Stone Soup version 0.32-a0-913-g739538afd8 (webtiles) character file.

Game seed: 3565960232319091261

2 Zonian the Shield-Bearer (level 1, 0/12 HPs)
             Began as a Gargoyle Wanderer on Apr 9, 2024.
             Frozen to death by an endoplasm (3 damage)
             ... on level 1 of the Dungeon.
             The game lasted 00:01:28 (157 turns).

Zonian the Shield-Bearer (Gargoyle Wanderer)         Turns: 157, Time: 00:01:29

Health: 0/12       AC:  8    Str: 14    XL:     1   Next: 30%
Magic:  2/2        EV:  9    Int: 10    God:
Gold:   33         SH:  4    Dex: 12    Spells: 1/2 levels left

rFire   . . .        a - +0 dagger {short}
rCold   . . .        d - +0 buckler {AC+3}
rNeg    + . .        f - +0 leather armour
rPois   ∞            (no helmet)
rElec   +            (no cloak)
rCorr   .            (no gloves)
SInv    .            (no boots)
Will    .....        (no amulet)
Stlth   +            (no ring)
HPRegen 0.22/turn    (no ring)
MPRegen 0.08/turn

%: no passive effects
@: no status effects
A: sickness immunity, AC +2, negative energy resistance 1, electricity
resistance, torment resistance 1, petrification resistance
a: no special abilities


You were on level 1 of the Dungeon.
You visited 1 branch of the dungeon, and saw 1 of its levels.

You collected 33 gold pieces.


Innate Abilities, Weirdness & Mutations

You are immune to sickness and miasma.
Your stone body is resilient. (AC +2)
You are immune to poison.
You resist negative energy. (rN+)
You are resistant to electric shocks. (rElec)
You are resistant to unholy torment.
You are immune to petrification.


   Skills:
 + Level 2.2 Fighting
 + Level 0.2 Short Blades
 - Level 1.0 Throwing
 - Level 2.1 Armour
 - Level 3.2 Shields
 - Level 1.0 Spellcasting
 + Level 0.2 Earth Magic
 - Level 1.0 Evocations


You had one spell level left.
You knew the following spells:

 Your Spells              Type           Power      Damage    Failure   Level
a - Sandblast             Erth           2%         2d4       45%         1

Your spell library contained the following spells:

 Spells                   Type           Power      Damage    Failure   Level
 Stone Arrow              Conj/Erth      0%         3d7       86%         3
 Brom's Barrelling Bould  Conj/Erth      0%         2d3       99%         4

Inventory:

Hand Weapons
 a - a +0 dagger (weapon) {short}
Missiles
 c - 11 poisoned darts (quivered) {throwing}
Armour
 d - a +0 buckler of protection (worn)
 f - a +0 leather armour (worn)
Jewellery
 g - a ring of protection from fire
   (You found it on level 1 of the Dungeon)
Scrolls
 e - a scroll of blinking {!r}
 h - a scroll of vulnerability {unknown}
Potions
 b - a potion of lignification {!q}

Dungeon Overview and Level Annotations

Branches:
Dungeon (1/15) Zot: 5841

Altars:

.####.# .##.#.##
.......#
..#.#..#########
................
#.#.#..#########
##...#.########
###.##..).....#######.#
# #.#########...@J....#
###.###### #########...
.......[.# ###.####.#
#.# #.# #.#########
#.#...#...# ###.....<.#
#...#...#


You could see an endoplasm.


Message History

✅ Successfully initialized magus.rc [v1.9.6] Welcome, Zonian the Gargoyle Wanderer.
Everyone else who sought the Orb of Zot has failed.
Will you be different?
Press ? for a list of commands and other information.
Found a book of Geomancy.
Found a staircase leading out of the dungeon.
You begin with the following items: a +0 dagger {short}, a potion of lignification {!q}, 11 poisoned darts {throwing}, a +0 buckler of protection, a scroll of blinking {!r}, a +0 leather armour.
Your library has no spells.
Unknown command.
Your library has no spells.
Unknown command.
You pick up a book of Geomancy and begin reading...
You add the spells Sandblast, Stone Arrow and Brom's Barrelling Boulder to your library.
Unknown command.
You start memorising the spell.
You continue memorising.
You finish memorising.
Spell assigned to 'a'.
Unknown command.
Unknown command.
There is a staircase leading out of the dungeon here.
g - a ring of protection from fire You now have 10 gold pieces.
You open the door.
There is an open door here.
You now have 23 gold pieces (gained 13).
h - a scroll labelled ROLELI ADAGEC Unknown command.
A goblin comes into view. It is wielding a +0 dagger.
The goblin shouts!
You see here 3 stones {throwing}.
A goblin is nearby!
Unknown command.
Found a stone staircase leading down.
You block the goblin's attack.
You hit the goblin. The goblin hits you but does no damage.
You closely miss the goblin. The goblin hits you but does no damage.
You hit the goblin. The goblin hits you but does no damage.
Unknown command.
You barely miss the goblin. The goblin misses you.
You closely miss the goblin. You block the goblin's attack.
Unknown command.
You completely miss the goblin. The goblin closely misses you.
You miss the goblin. The goblin closely misses you.
Unknown command.
You barely miss the goblin. You block the goblin's attack.
You hit the goblin.
You kill the goblin!
Unknown command.
Things that are here:
a +0 dagger {short}; a goblin corpse You see here a +0 ring mail.
You see here a +0 leather armour.
Key pressed, stopping explore.
A bat comes into view.
Unknown command.
The bat hits you but does no damage. x2
You hit the bat but do no damage. You block the bat's attack. x2
You closely miss the bat. You block the bat's attack.
The bat barely misses you.
You hit the bat. The bat hits you but does no damage.
The bat closely misses you.
Unknown command.
You closely miss the bat. The bat hits you but does no damage.
You block the bat's attack. The bat completely misses you.
You closely miss the bat. The bat barely misses you.
The bat hits you but does no damage. The bat misses you.
You barely miss the bat. The bat closely misses you.
You block the bat's attack.
Unknown command.
You hit the bat.
You kill the bat!
No target in view!
No target in view!
Unknown command.
You now have 33 gold pieces (gained 10).
You see here a +0 ring mail.
Key pressed, stopping explore.
You see here a +0 ring mail.
You see here a +0 club {mace}.
An endoplasm comes into view.
The endoplasm quivers.
Unknown command.
The endoplasm freezes you.
You are frozen. 😮 HP[-5]
You take 5 damage, and now have 7/12 hp.
MASSIVE DAMAGE!! (PAUSE)
You hit the endoplasm. The endoplasm freezes you.
You are frozen.
* * * LOW HITPOINT WARNING * * *
😱 HP[-4]
You take 4 damage, and now have 3/12 hp.
MASSIVE DAMAGE!! (PAUSE)
Okay, then.
You aren't carrying any items that you can evoke.
Unknown command.
You hit the endoplasm. The endoplasm freezes you.
You are frozen.
You die...

Action                     || total
---------------------------++-------
  Melee: Dagger            ||    18
 Armour: Leather armour    ||     8
  Dodge: Dodged            ||     9
  Block: Buckler           ||     8

Levels and vault maps discovered:
D:1:      minmay_arrival_nine_rooms, layout_loops_ring, minmay_octomino_c4

Notes
Turn   | Place    | Note
-------+----------+-------------------------------------------
     0 | D:1      | Zonian the Gargoyle Wanderer began the quest for the Orb.
     0 | D:1      | Zonian set off with the following items: a +0 dagger
                  | {short}, a potion of lignification {!q}, 11 poisoned darts
                  | {throwing}, a +0 buckler of protection, a scroll of
                  | blinking {!r}, a +0 leather armour.
     0 | D:1      | Reached XP level 1. HP: 12/12 MP: 2/2
     0 | D:1      | magus.rc [v1.9.6]
     1 | D:1      | You pick up a book of Geomancy and begin reading...
     1 | D:1      | You add the spells Sandblast, Stone Arrow and Brom's
                  | Barrelling Boulder to your library.
     4 | D:1      | Learned a level 1 spell: Sandblast
   156 | D:1      | HP: 3/12 [frozen (4)]
   157 | D:1      | Frozen to death by an endoplasm

Vanquished Creatures
  A goblin (D:1)
  A bat (D:1)
2 creatures vanquished.

Table legend:
 A = Non-vault XP
 B = Vault XP
 C = Vault XP percentage of total XP
 D = Non-vault monster count
 E = Vault monster count
 F = Vault count percentage of total count
                 A         B        C        D         E       F
            +---------+---------+-------+---------+---------+-------
      Total |       3 |       0 |   0.0 |       2 |       0 |   0.0
            +---------+---------+-------+---------+---------+-------
        D:1 |       3 |       0 |   0.0 |       2 |       0 |   0.0
            +---------+---------+-------+---------+---------+-------

Action                     || total
---------------------------++-------
  Melee: Dagger            ||    18
 Armour: Leather armour    ||     8
  Dodge: Dodged            ||     9
  Block: Buckler           ||     8

Illustrated notes

Table legend:
 A = Kills in this place as a percentage of kills in the entire game.
 B = Kills by you in this place as a percentage of kills by you in the entire game.
 C = Kills by friends in this place as a percentage of kills by friends in the entire game.
 D = Other kills in this place as a percentage of other kills in the entire game.
 E = Experience gained in this place as a percentage of experience gained in the entire game.
 F = Experience gained in this place divided by the number of levels of this place that you have seen.
                   A       B       C       D       E      F
               +-------+-------+-------+-------+-------+----------------------
         Total | 100.0 | 100.0 |   N/A |   N/A | 100.0 |   3.0
       Dungeon | 100.0 | 100.0 |   N/A |   N/A | 100.0 |   3.0
               +-------+-------+-------+-------+-------+----------------------

Table legend: (Time is in decaauts)
 A = Elapsed time spent in this place.
 B = Non-inter-level travel time spent in this place.
 C = Inter-level travel time spent in this place.
 D = Time resting spent in this place.
 E = Time spent auto-exploring this place.
 F = Levels seen in this place.
 G = Mean time per level.
                   A        B        C        D        E       F      G
               +--------+--------+--------+--------+--------+-----+--------+
         Total |    157 |    157 |      0 |      0 |    122 |   1 |  157.0 |
       Dungeon |    157 |    157 |      0 |      0 |    122 |   1 |  157.0 |
               +--------+--------+--------+--------+--------+-----+--------+

Top non-repeatable levels by time:
     D:1: 157 daAuts
